 Dungeon Sprint DCSS version 0.17-a0-1650-gce8475a (webtiles) character file.

3000 Kidiri the Unseen (level 9, -1/39 HPs)
             Began as a Spriggan Enchanter on Aug 13, 2015.
             Was a High Priest of Dithmenos.
             Slain by a sun demon (10 damage)
             ... summoned by an orc sorcerer
             ... in the Dungeon (Sprint III: "The Ten Rune Challenge").
             The game lasted 00:06:11 (1208 turns).

Kidiri the Unseen (Spriggan Enchanter)              Turns: 1208, Time: 00:06:11

Health: -1/39      AC:  4    Str:  4      XL:     9   Next: 54%
Magic:  25/25      EV: 29    Int: 18      God:    Dithmenos [*****.]
Gold:   31         SH:  0    Dex: 17 (18) Spells: 7 memorised, 9 levels left

rFire  . . .     SeeInvis +     a - +1 dagger
rCold  . . .     Clarity  .     k - +2 robe
rNeg   . . .     SustAt   .     (shield restricted)
rPois  .         Gourm    .     (helmet restricted)
rElec  .         Spirit   .     (no cloak)
rCorr  .         Warding  .     (gloves unavailable)
rMut   .         NoTele   +     (boots unavailable)
MR     +....                    (no amulet)
Stlth  ++++++++++               (no ring)
                                (no ring)

@: wreathed by umbra, very quick, somewhat resistant to hostile enchantments,
uncannily stealthy
A: unfitting armour, see invisible, deterioration 1, herbivore 3, speed 3, sense
surroundings 1, slow metabolism 2, wild magic 1, MP-powered wands
a: Shadow Step, Shadow Form, Renounce Religion


You were in the Dungeon.
You worshipped Dithmenos.
Dithmenos was extremely pleased with you.
You were not hungry.

You visited 1 branch You collected 31 gold pieces.

Inventory:

Hand weapons
 a - a +1 dagger (weapon)
Armour
 b - a +1 robe
 k - a +2 robe (worn)
Scrolls
 j - a scroll of blinking
 n - 3 scrolls of remove curse
Potions
 e - 3 potions of curing
 f - a potion of heal wounds
 g - 2 potions of haste
 h - a potion of magic
 i - a potion of berserk rage
 o - 2 potions of cure mutation {unknown}
 s - a potion of flight {unknown}
Books
 c - a book of Death

   Spells                             Type                      Level
   a - Corpse Rot                     Necromancy                   2
   b - Sublimation of Blood           Necromancy                   2
   c - Agony                          Necromancy                   5
   d - Dispel Undead                  Necromancy                   5
   e - Excruciating Wounds            Charms/Necromancy            5
   f - Bolt of Draining               Conjuration/Necromancy       5
Comestibles
 d - a bread ration
 r - 2 royal jellies


   Skills:
 + Level 7.6 Short Blades
 * Level 13.7 Dodging
 * Level 15.0 Stealth
 * Level 11.8 Spellcasting
 + Level 4.7 Conjurations
 + Level 9.2 Hexes
 + Level 4.3 Necromancy
 + Level 5.2 Ice Magic
 - Level 2.4 Invocations


You had 9 spell levels left.
You knew the following spells:

 Your Spells              Type           Power        Failure   Level  Hunger
a - Corona                Hex            ######.      1%          1    None
b - Ensorcelled Hibernat  Hex/Ice        ######       2%          2    None
c - Confuse               Hex            ######..     2%          3    None
d - Tukima's Dance        Hex            ######..     2%          3    None
e - Dazzling Spray        Conj/Hex       ######..     4%          3    None
f - Bolt of Draining      Conj/Necr      #####.....   43%         5    ####...
g - Agony                 Necr           #####...     50%         5    ####...


Dungeon Overview and Level Annotations

Branches:
Dungeon (1/1)

Altars:
Cheibriados
Dithmenos
Elyvilon
Fedhas
Gozag
Kikubaaqudgha
Makhleb
Nemelex Xobeh
Okawaru
Qazlal
Ru
Sif Muna
Trog
Vehumet
Xom
Yredelemnul
Zin
The Shining One
Jiyva
Lugonu


Innate Abilities, Weirdness & Mutations

You are tiny and cannot use many weapons and most armour.
You have supernaturally acute eyesight.
You are a herbivore.
You cover ground extremely quickly.
You need consume almost no food.
Your body sometimes deteriorates upon taking damage.
You passively map a small area around you.
Your spells are a little harder to cast, but a little more powerful.
You expend magic power (3 MP) to strengthen your wands.


Message History

The spray of energy hits the orc.
You kill the orc!
Dithmenos accepts your kill.
The spray of energy hits the orc knight.
The orc knight is almost dead.
The orc knight is dazzled.
The orc knight completely misses you.
Unknown command.
Unknown command.
Unknown command.
Drink which item? (? for menu, Esc to quit)
Okay, then.
Unknown command.
Unknown command.
Drink which item? (? for menu, Esc to quit)
Magic courses through your body. The sun demon hits you!!
Ouch! That really hurt!
* * * LOW HITPOINT WARNING * * *
Your body deteriorates!
You feel clumsy.
You emit a cloud of dark smoke.
You are engulfed in flames!
You die...

#.############ $#$
..#___#__[#__###$$##, , *
..#)..#..)#._#.$).o *
..###+#+###+##.o.[ * *, ≈
..#..........#.$. , , * ,**
..%.⌠....%...#oo * * , , *,
..#...######'#.# *,** , ** *
..#.⌠.#__#...#'##############*
*
..#...#__#...#oo@§#)#)#)....#
..#+###__#...##o#3)#.##.###.#,
..#)).#__#...'##.#.#.##.#).##,
..#___#_.+...#...#..#..##.)+,
, ,
▓▓▓▓▓▓▓▓▓▓▓▓▓▓▓▓▓▓▓▓▓▓▓▓▓▓▓# ,
, * * ≈ , ≈≈ , , *, ≈ ≈ ≈ ≈ ,
, +, , ,* ≈ * * *, , , ** *


You could see an orc knight (blind), a sun demon, an orc sorcerer and an orc
priest (frenzied).

Vanquished Creatures
  Erolcha (D)
  An orc knight (D)
  An orc sorcerer (D)
  A deep elf priest (D)
  A shadow (D)
  2 hill giants (D)
  A spatial vortex (D)
  A necrophage (D)
  3 two-headed ogres (D)
  A water elemental (D)
  A scorpion (D)
  A jelly (D)
  A wizard (D)
  An orc wizard (D)
  A necromancer (D)
  A kobold demonologist (D)
  3 humans (D)
  An ooze (D)
  2 orcs (D)
  3 rats (D)
28 creatures vanquished.

Vanquished Creatures (others)
  2 draconian scorchers (D)
  A yaktaur (D)
  2 plants (D)
5 creatures vanquished.

Grand Total: 33 creatures vanquished

Notes
Turn   | Place    | Note
--------------------------------------------------------------
     0 | D        | Kidiri the Spriggan Enchanter began the quest for the Orb.
     0 | D        | Reached XP level 1. HP: 9/9 MP: 5/5
    19 | D        | Reached skill level 5 in Stealth
    38 | D        | Killed a yaktaur
   171 | D        | Killed a white draconian scorcher
   186 | D        | Killed a white draconian scorcher
   262 | D        | Noticed a scorpion
   265 | D        | Killed a scorpion
   265 | D        | Reached skill level 5 in Dodging
   265 | D        | Reached skill level 7 in Stealth
   265 | D        | Reached skill level 5 in Spellcasting
   265 | D        | Reached XP level 2. HP: 13/13 MP: 6/9
   265 | D        | Reached XP level 3. HP: 16/16 MP: 6/10
   273 | D        | Learned a level 2 spell: Ensorcelled Hibernation
   277 | D        | Learned a level 3 spell: Confuse
   281 | D        | Learned a level 3 spell: Tukima's Dance
   285 | D        | Learned a level 3 spell: Dazzling Spray
   390 | D        | Reached XP level 4. HP: 21/21 MP: 12/12
   423 | D        | Gained mutation: You expend magic power (3 MP) to strengthen your wands. [potion of mutation]
   423 | D        | Gained mutation: Your spells are a little harder to cast, but a little more powerful. [potion of mutation]
   424 | D        | Gained mutation: You passively map a small area around you. [potion of mutation]
   424 | D        | Gained mutation: Your body sometimes deteriorates upon taking damage. [potion of mutation]
   651 | D        | Noticed a water elemental
   654 | D        | Killed a water elemental
   654 | D        | Reached skill level 8 in Stealth
   654 | D        | Reached skill level 1 in Conjurations
   654 | D        | Reached skill level 5 in Hexes
   654 | D        | Reached skill level 1 in Ice Magic
   663 | D        | Noticed a jelly
   664 | D        | Noticed a shadow
   666 | D        | Killed a shadow
   666 | D        | Reached skill level 9 in Dodging
   666 | D        | Reached skill level 10 in Stealth
   666 | D        | Reached XP level 5. HP: 24/24 MP: 14/16
   666 | D        | Reached XP level 6. HP: 28/28 MP: 14/17
   672 | D        | Killed a jelly
   820 | D        | Found a stormy altar of Qazlal.
   820 | D        | Noticed a spatial vortex
   821 | D        | Found a sacrificial altar of Ru.
   821 | D        | Found a burning altar of Makhleb.
   821 | D        | Found a viscous altar of Jiyva.
   821 | D        | Found a shimmering altar of Xom.
   821 | D        | Found a shadowy altar of Dithmenos.
   821 | D        | Found a sparkling altar of Nemelex Xobeh.
   821 | D        | Found a corrupted altar of Lugonu.
   821 | D        | Found an opulent altar of Gozag.
   825 | D        | Became a worshipper of Dithmenos the Shadowed
   831 | D        | Killed a spatial vortex
   831 | D        | Reached skill level 5 in Short Blades
   831 | D        | Reached skill level 11 in Stealth
   858 | D        | Found a radiant altar of Vehumet.
   859 | D        | Found a deep blue altar of Sif Muna.
   859 | D        | Found an ancient bone altar of Kikubaaqudgha.
   859 | D        | Noticed a wizard
   865 | D        | Reached skill level 10 in Dodging
   867 | D        | Killed a wizard
   881 | D        | Learned a level 5 spell: Bolt of Draining
   887 | D        | Learned a level 5 spell: Agony
   923 | D        | Found a glowing silver altar of Zin.
   924 | D        | Found a glowing golden altar of the Shining One.
   924 | D        | Found a white marble altar of Elyvilon.
   924 | D        | Noticed a deep elf priest
   927 | D        | Killed a deep elf priest
   927 | D        | Reached skill level 12 in Stealth
   927 | D        | Reached skill level 1 in Necromancy
   927 | D        | Reached XP level 7. HP: 32/32 MP: 16/20
   952 | D        | Found an iron altar of Okawaru.
   953 | D        | Found a bloodstained altar of Trog.
   953 | D        | Noticed a human
   953 | D        | Noticed a human
  1026 | D        | Killed a human
  1038 | D        | Killed a human
  1093 | D        | Found a snail-covered altar of Cheibriados.
  1093 | D        | Noticed a necrophage
  1095 | D        | Killed a necrophage
  1095 | D        | Acquired Dithmenos's first power
  1095 | D        | Reached skill level 10 in Spellcasting
  1095 | D        | Reached XP level 8. HP: 36/36 MP: 19/23
  1096 | D        | Found a basalt altar of Yredelemnul.
  1096 | D        | Found a blossoming altar of Fedhas.
  1096 | D        | Noticed a necromancer
  1097 | D        | Killed a necromancer
  1115 | D        | Noticed a two-headed ogre
  1115 | D        | Noticed a two-headed ogre
  1120 | D        | Killed a two-headed ogre
  1120 | D        | Reached skill level 13 in Stealth
  1122 | D        | Killed a two-headed ogre
  1124 | D        | Noticed a two-headed ogre
  1125 | D        | Killed a two-headed ogre
  1135 | D        | Noticed a hill giant
  1138 | D        | Killed a hill giant
  1138 | D        | Acquired Dithmenos's second power
  1144 | D        | Noticed a hill giant
  1144 | D        | Noticed Erolcha
  1146 | D        | Killed Erolcha
  1146 | D        | Reached skill level 14 in Stealth
  1146 | D        | Reached XP level 9. HP: 39/39 MP: 23/25
  1147 | D        | Killed a hill giant
  1187 | D        | Noticed an orc knight
  1187 | D        | Noticed an orc knight
  1187 | D        | Noticed an orc wizard
  1187 | D        | Noticed an orc sorcerer
  1188 | D        | Acquired Dithmenos's third power
  1188 | D        | Killed an orc wizard
  1189 | D        | Noticed an orc sorcerer
  1190 | D        | Noticed an orc priest
  1201 | D        | Killed an orc sorcerer
  1201 | D        | Reached skill level 5 in Ice Magic
  1206 | D        | Killed an orc knight
  1206 | D        | Acquired Dithmenos's fourth power
  1206 | D        | Reached skill level 15 in Stealth
  1208 | D        | Noticed a sun demon
  1208 | D        | Slain by a sun demon

Vault maps used:
D:        dungeon_sprint_mu

Action                   |  1- 3 |  4- 6 |  7- 9 || total
-------------------------+-------+-------+-------++-------
Melee: Dagger            |    17 |    10 |    20 ||    47
 Cast: Ensorcelled Hiber |       |     7 |     6 ||    13
       Dazzling Spray    |       |     2 |     8 ||    10
       Confuse           |       |       |     3 ||     3
  Use: Scroll            |       |     4 |       ||     4
       Potion            |       |     2 |     1 ||     3
 Stab: Sleeping          |     3 |     5 |    10 ||    18
       Invisible         |       |     2 |     1 ||     3
       Confused          |       |       |     2 ||     2
